 Dungeon Crawl Stone Soup version 0.30-a0-782-ge64f9170bb (webtiles) character file.

Game seed: 2138032060193659839

9 Leeroy the Grasshopper (level 2, 0/15 HPs)
             Began as a Vine Stalker Warper on Feb 19, 2023.
             Succumbed to an adder's poison
             ... on level 2 of the Dungeon.
             The game lasted 00:00:23 (245 turns).

Leeroy the Grasshopper (Vine Stalker Warper)         Turns: 245, Time: 00:00:23

Health: 0/15       AC:  3    Str: 10 (13) XL:     2   Next: 16%
Magic:  1/6        EV: 11    Int: 12 (13) God:
Gold:   29         SH:  0    Dex: 10 (13) Spells: 5/5 levels left

rFire   . . .      SeeInvis .    a - +0 falchion
rCold   . . .      Faith    .    (no shield)
rNeg    . . .      Spirit   +    b - +0 leather armour
rPois   .          Reflect  .    (no helmet)
rElec   .          Harm     .    (no cloak)
rCorr   .          Rampage  .    (no gloves)
Will    .....                    (no boots)
Stlth   +                        (no amulet)
HPRegen 0.22/turn                (no ring)
MPRegen 0.10/turn                (no ring)

@: lethally poisoned (0 -> -3)
A: fangs 2, magic shield, antimagic bite, no potion heal 2
a: no special abilities


You were on level 2 of the Dungeon.
You visited 1 branch of the dungeon, and saw 2 of its levels.

You collected 29 gold pieces.

Inventory:

Hand Weapons
 a - a +0 falchion (weapon)
 g - a +1 dagger of protection
Missiles
 d - 7 boomerangs of dispersal (quivered)
Armour
 b - a +0 leather armour (worn)
Scrolls
 c - a scroll of blinking
 e - 2 scrolls of identify {unknown}


   Skills:
 - Level 1.7 Fighting
 + Level 2.5 Long Blades
 - Level 0.8 Throwing
 - Level 0.7 Armour
 - Level 1.5 Dodging
 - Level 2.1 Spellcasting
 - Level 3.0 Translocations


You had 5 spell levels left.
You didn't know any spells.
Your spell library contained the following spells:

 Spells                   Type           Power      Damage    Failure   Level
 Blink                    Tloc           16%        N/A       16%         2
 Lesser Beckoning         Tloc           16%        N/A       16%         2
 Teleport Other           Tloc           8%         N/A       32%         3
 Vhi's Electric Charge    Tloc/Air       8%         N/A       52%         3
 Manifold Assault         Tloc           8%         N/A       71%         4


Dungeon Overview and Level Annotations

Branches:
Dungeon (1/15)

Altars:


Innate Abilities, Weirdness & Mutations

You have extremely sharp teeth.
When hurt, damage is shared between your health and your magic reserves.
Your bite disrupts and absorbs the magic of your enemies.
Potions cannot restore your health.


Message History

The adder hisses angrily. x2
The adder bites you. x3
You are poisoned.
The adder poisons you!
You hit the adder.
The adder is moderately wounded.
You feel sick. The adder completely misses you. The adder barely misses you.
The adder closely misses you.
You closely miss the adder. Your bite misses the adder.
The adder is moderately wounded.
You feel sick. The adder barely misses you. The adder misses you.
The adder bites you.
You are more poisoned.
The adder poisons you!
You hit the adder. Your bite misses the adder.
The adder is severely wounded.
You feel sick. The adder bites you. The adder barely misses you.
The adder bites you.
You are too injured to fight recklessly!
You are too injured to fight recklessly!
You are too injured to fight recklessly!
You are too injured to fight recklessly!
You are too injured to fight recklessly!
You are too injured to fight recklessly!
The adder attacks as you move away! The adder bites you.
* * * LOW HITPOINT WARNING * * *
x2 You feel sick.
You see here a scroll labelled WORHANYN JAPEB.
The adder attacks as you move away! The adder misses you.
* * * LOW HITPOINT WARNING * * *
You feel sick. The adder bites you.
* * * LOW HITPOINT WARNING * * *
You hit the adder. Your punch misses the adder.
The adder is heavily wounded.
* * * LOW HITPOINT WARNING * * *
You feel sick. The adder bites you but does no damage.
It was a potion of degeneration.
There was something very wrong with that liquid.
You feel weakened.
You feel dopey.
You feel clumsy.
You die...

## ###. ##### #.. ###
####...# #.# #..
.....#.#######)# #.#
#..SS@....†.#
#.#################.###
#.##..>....<..........#
#.##.##############.#.#
####.##.# #.###
#.......# #.. .....####
#### #.#### #.#


You could see 2 adders.

Vanquished Creatures
  A dart slug (D:2)
  A giant cockroach (D:1)
  3 goblins
  A bat (D:2)
  A kobold (D:2)
  A rat (D:2)
8 creatures vanquished.

Notes
Turn   | Place    | Note
-------+----------+-------------------------------------------
     0 | D:1      | Leeroy the Vine Stalker Warper began the quest for the Orb.
     0 | D:1      | Reached XP level 1. HP: 11/11 MP: 4/4
    67 | D:1      | You fall into a shaft and drop 1 floor!
   193 | D:2      | Reached XP level 2. HP: 15/15 MP: 6/6
   245 | D:2      | Succumbed to an adder's poison

Illustrated notes

Levels and vault maps discovered:
D:1:      dpeg_arrival_round_a, layout_loops_ring, serial_shops,
          nicolae_shop_hallway_plus
D:2:      layout_loops_ring, serial_shops, nicolae_lakefront_shop, uniq_terence

Skill      XL: |  1 |
---------------+----+-----
Long Blades    | 2 |  2.5
Fighting       | |  1.7
Throwing       | |  0.8
Armour         | |  0.7
Dodging        | |  1.5
Spellcasting   | |  2.1
Translocations | |  3.0

Action                     || total
---------------------------++-------
  Melee: Falchion          ||    32
         Bite              ||     8
         Punch             ||     1
    Use: Potion            ||     1
 Armour: Leather armour    ||    11
  Dodge: Dodged            ||    26

Table legend: (Time is in decaauts)
 A = Elapsed time spent in this place.
 B = Non-inter-level travel time spent in this place.
 C = Inter-level travel time spent in this place.
 D = Time resting spent in this place.
 E = Time spent auto-exploring this place.
 F = Levels seen in this place.
 G = Mean time per level.
                   A        B        C        D        E       F      G
               +--------+--------+--------+--------+--------+-----+--------+
         Total |    250 |    250 |      0 |      0 |    173 |   2 |  125.0 |
       Dungeon |    250 |    250 |      0 |      0 |    173 |   2 |  125.0 |
               +--------+--------+--------+--------+--------+-----+--------+

Top non-repeatable levels by time:
     D:2: 181 daAuts
     D:1: 68 daAuts
